 Dungeon Crawl Stone Soup version 0.30.0-19-g36f170ea60 (webtiles) character file.

Game seed: 15359760659735325100

7 Irreverend the Magician (level 2, 15/15 HPs)
             Began as a Tengu Hedge Wizard on May 27, 2023.
             Quit the game on level 1 of the Dungeon.
             The game lasted 00:00:48 (96 turns).

Irreverend the Magician (Tengu Hedge Wizard)          Turns: 96, Time: 00:00:48

Health: 15/15      AC:  2    Str: 10    XL:     2   Next: 0%
Magic:  7/7        EV: 12    Int: 14    God:
Gold:   0          SH:  0    Dex: 13    Spells: 6/7 levels left

rFire   . . .        a - +0 dagger
rCold   . . .        (no shield)
rNeg    . . .        b - +0 robe
rPois   .            c - +0 hat
rElec   .            (no cloak)
rCorr   .            (no gloves)
SInv    .            (boots unavailable)
Will    .....        (no amulet)
Stlth   ++           (no ring)
HPRegen 0.22/turn    (no ring)
MPRegen 0.10/turn

%: no passive effects
@: no status effects
A: beak, talons 3
a: no special abilities


You were on level 1 of the Dungeon.
You visited 1 branch of the dungeon, and saw 1 of its levels.

Inventory:

Hand Weapons
 a - a +0 dagger (weapon)
Armour
 b - a +0 robe (worn)
 c - a +0 hat (worn)
Scrolls
 f - a scroll of identify {unknown}
 g - a scroll of blinking {unknown}
Potions
 d - a potion of magic
 e - a potion of attraction {unknown}


   Skills:
 + Level 0.2 Short Blades
 + Level 2.2 Dodging
 + Level 2.0 Stealth
 + Level 3.0 Spellcasting
 + Level 1.5 Conjurations
 + Level 1.6 Summonings
 + Level 0.9 Translocations


You had 6 spell levels left.
You knew the following spells:

 Your Spells              Type           Power      Damage    Failure   Level
a - Magic Dart            Conj           24%        1d4       11%         1

Your spell library contained the following spells:

 Spells                   Type           Power      Damage    Failure   Level
 Call Imp                 Summ           12%        N/A       16%         2
 Slow                     Hex            8%         N/A       22%         1
 Blink                    Tloc           8%         N/A       22%         2
 Cigotuvi's Dreadful Rot  Necr/Pois/Air  4%         N/A       32%         2
 Mephitic Cloud           Conj/Pois/Air  3%         N/A       45%         3


Dungeon Overview and Level Annotations

Branches:
Dungeon (1/15)

Altars:


Innate Abilities, Weirdness & Mutations

You have a beak for a mouth.
You have claws for feet.


Message History

The kobold is moderately wounded.
You hit the kobold but do no damage. Your kick misses the kobold.
The kobold is moderately wounded.
The kobold hits you with a +0 short sword.
You hit the kobold. Your peck misses the kobold.
The kobold is heavily wounded.
The kobold hits you but does no damage.
You miss the kobold. Your kick misses the kobold. You peck the kobold.
The kobold is severely wounded.
The kobold misses you.
You hit the kobold but do no damage. You claw the kobold.
You kill the kobold!
The giant cockroach closely misses you. The giant cockroach misses you.
The rat misses you. The giant cockroach misses you.
You see here a +0 short sword.
You closely miss the giant cockroach. The rat barely misses you.
The giant cockroach closely misses you.
You hit the giant cockroach. You claw the giant cockroach.
The giant cockroach is heavily wounded.
The rat bites you. The giant cockroach bites you.
You barely miss the giant cockroach.
You peck the giant cockroach, but do no damage.
The giant cockroach is heavily wounded.
The rat bites you. The giant cockroach misses you.
You barely miss the giant cockroach.
The giant cockroach is heavily wounded.
The rat twitches its whiskers.
The rat completely misses you. The giant cockroach closely misses you.
You barely miss the giant cockroach. You claw the giant cockroach.
You kill the giant cockroach!
The rat bites you but does no damage. The rat bites you but does no damage.
You hit the rat. You claw the rat.
You kill the rat!
You have reached level 2!
You start resting.
HP restored.
Okay, then.
Are you sure you want to abandon this character and quit the game? (Confirm with "yes".)

## #.# .##.### ......#
...#. ##...## #.....#
#.†.# #@)# #####..#..#
#..#
...........#####..#
P~~≈≈~~≈≈P........##
~~≈~~~~≈≈~.#####...##
~~≈~~~~≈≈~.# ##.....##
.~~~~~~~~P.###.......##
...........##.........#
.~≈~~~~~≈P..'.........+


There were no monsters in sight!

Vanquished Creatures
  An endoplasm (D:1)
  A giant cockroach (D:1)
  A hobgoblin (D:1)
  A kobold (D:1)
  A ball python (D:1)
  A rat (D:1)
6 creatures vanquished.

Notes
Turn   | Place    | Note
-------+----------+-------------------------------------------
     0 | D:1      | Irreverend the Tengu Hedge Wizard began the quest for the
                  | Orb.
     0 | D:1      | Reached XP level 1. HP: 10/10 MP: 5/5
    79 | D:1      | Reached XP level 2. HP: 11/15 MP: 7/7
    96 | D:1      | Quit the game

Illustrated notes

Levels and vault maps discovered:
D:1:      giann_bridges, layout_loops_corners, serial_aquarium,
          aquarium_bridge_island_large [aquarium_subvault_large_open,
          aquarium_subvault_balcony, aquarium_subvault_bridge,
          aquarium_subvault_bridge, aquarium_subvault_wall], aquarium_window_1,
          aquarium_window_1, aquarium_window_1, aquarium_window_fake,
          aquarium_view_2c, ebering_ecumenical_altar_rust

Action                     || total
---------------------------++-------
  Melee: Dagger            ||    17
         Kick              ||     5
         Peck              ||     3
   Cast: Magic Dart        ||     1
   Stab: Sleeping          ||     1
 Armour: Robe              ||     3
  Dodge: Dodged            ||    15
